 Dungeon Crawl Stone Soup version 0.19-a0-36-g4a0968a (webtiles) character file.

1292 Hometown the Cleaver (level 8, -4/62 HPs)
             Began as a Minotaur Gladiator on Feb 22, 2016.
             Was an Initiate of Trog.
             Slain by an orc warrior (6 damage)
             ... in a bailey on May 3, 2016.
             The game lasted 00:15:13 (5337 turns).

Hometown the Cleaver (Minotaur Gladiator)           Turns: 5337, Time: 00:15:14

Health: -4/62      AC:  5    Str: 22    XL:     8   Next: 30%
Magic:  7/7        EV: 14    Int:  5    God:    Trog [......]
Gold:   229        SH:  0    Dex: 11    Spells: 0 memorised, 7 levels left

rFire  . . .     SeeInvis .     a - +0 war axe
rCold  . . .     Gourm    .     b - +0 leather armour
rNeg   . . .     Faith    .     (no shield)
rPois  .         Spirit   .     c - +0 hat
rElec  .         Dismiss  +     u - +0 cloak
rCorr  .         Reflect  .     B - +0 pair of gloves
SustAt .         Harm     .     (no boots)
MR     .....                    j - amulet of dismissal
Stlth  +.........               (no ring)
                                (no ring)

@: not resistant to hostile enchantments, very unstealthy
A: retaliatory headbutt, horns 2
a: Burn Spellbooks, Renounce Religion


You were in a bailey.
You worshipped Trog.
Trog was noncommittal.
You were not hungry.

You visited 1 branch of the dungeon, and saw 7 of its levels.
You also visited: Bailey.

You collected 229 gold pieces.

Inventory:

Hand Weapons
 a - a +0 war axe (weapon)
Armour
 b - a +0 leather armour (worn)
 c - a +0 hat (worn)
 q - a +0 buckler
 u - a +0 cloak (worn)
 v - a cursed +0 leather armour
 B - a +0 pair of gloves (worn)
Jewellery
 j - an amulet of dismissal (around neck)
 m - an uncursed amulet of harm
 L - a +1 ring of protection
 N - an uncursed ring of fire {unknown}
Wands
 g - a wand of lightning (2/15)
 r - a wand of random effects (25/48)
 w - a wand of teleportation (5/9)
 D - a wand of paralysis (10/24)
 E - a wand of iceblast (3/15)
 I - a wand of digging (11/24)
 K - a wand of slowing (30/48)
Scrolls
 e - 4 scrolls of magic mapping {unknown}
 l - 3 scrolls of fear {unknown}
 n - 4 scrolls of identify
 o - a scroll of remove curse {unknown}
 t - 3 scrolls of recharging {unknown}
 y - 3 scrolls of amnesia
 z - 4 scrolls of immolation {unknown}
 M - a scroll of teleportation {unknown}
Potions
 h - a potion of cure mutation {unknown}
 k - 2 potions of curing {unknown}
 p - 2 potions of heal wounds
 s - a potion of ambrosia {unknown}
 x - 2 potions of degeneration {unknown}
 F - a potion of invisibility {unknown}
 G - 2 potions of flight {unknown}
 H - a potion of brilliance {unknown}
 J - a potion of might {unknown}
Books
 C - a book of Minor Magic

   Spells                             Type                      Level
   a - Magic Dart                     Conjuration                  1
   b - Blink                          Translocation                2
   c - Call Imp                       Summoning                    2
   d - Repel Missiles                 Charms/Air                   2
   e - Slow                           Hexes                        2
   f - Conjure Flame                  Conjuration/Fire             3
   g - Mephitic Cloud                 Conjuration/Poison/Air       3
   Trog disapproves of the use of such an item.
Comestibles
 f - 5 bread rations
 A - 3 meat rations


   Skills:
 - Level 2.4 Fighting
 + Level 11.3 Axes
 - Level 2.0 Throwing
 + Level 5.8 Dodging


You had 7 spell levels left.
You didn't know any spells.

Dungeon Overview and Level Annotations

Branches:
Dungeon (7/15)
 Temple: D:4-7

Altars:
Fedhas
Okawaru
Trog
Xom
The Shining One

Annotations:
D:2 Sigmund
D:4 Natasha, Pikel


Innate Abilities, Weirdness & Mutations

You reflexively headbutt those who attack you in melee.
You have a pair of horns on your head.


Message History

The orc warrior struggles to escape the net.
The orc warrior struggles against the net.
The orc warrior struggles against the net.
You hit the orc warrior.
You headbutt the orc warrior, but do no damage.
The orc warrior is lightly wounded.
The orc warrior struggles against the net.
You slash the orc warrior!
You headbutt the orc warrior, but do no damage.
The orc warrior is severely wounded.
The orc warrior struggles against the net.
You slash the orc warrior!
The orc warrior is almost dead.
The orc warrior struggles against the net.
The net rips apart, and the orc warrior comes free!
You barely miss the orc warrior. Your headbutt misses the orc warrior.
The orc warrior is almost dead.
The orc warrior unwields an uncursed arbalest.
The orc warrior hits you.
You die...

#...........
#........... .#
#........... ..#
#.......≈≈≈≈≈....####
#......≈≈# #≈≈......#
#......≈##.##≈.......
#...o..≈..^..≈.......
#...@..≈##.##≈.......
#......≈≈#.#≈≈.......
#.......≈≈≈≈≈....)...
#...)................
#...(...........)....
#...(................
#(.............(....(
#.∩..................
#∩(...(...(.....(.(.(


You could see an orc warrior.

Vanquished Creatures
  An orc warrior (Bailey)
  An ogre (D:5)
  2 centaurs (D:6)
  2 giant frogs
  2 scorpions (D:5)
  A howler monkey (D:7)
  2 crimson imps
  A jelly (D:5)
  2 orc priests
  2 hounds (D:6)
  4 orc wizards
  2 centaur skeletons
  4 worker ants
  An iguana (D:7)
  A hound skeleton (D:4)
  Robin (D:2)
  3 gnolls (D:2)
  2 shadow imps
  An adder skeleton (D:6)
  A worm (D:3)
  3 dart slugs
  5 giant geckos
  20 orcs
  A ball python (D:3)
  2 bats (D:1)
  5 giant cockroaches
  6 hobgoblins
  3 jackals (D:5)
  A quokka (D:5)
  A giant newt (D:2)
  14 goblins
  7 kobolds
  A quokka skeleton (D:6)
  6 rats
111 creatures vanquished.

Notes
Turn   | Place    | Note
--------------------------------------------------------------
     0 | D:1      | Hometown the Minotaur Gladiator began the quest for the Orb.
     0 | D:1      | Reached XP level 1. HP: 18/18 MP: 0/0
    80 | D:1      | Reached skill level 4 in Axes
   445 | D:1      | Reached XP level 2. HP: 25/25 MP: 1/1
   607 | D:2      | Noticed Robin
   625 | D:2      | Killed Robin
   625 | D:2      | Reached skill level 5 in Axes
   625 | D:2      | Reached XP level 3. HP: 12/30 MP: 2/2
  1098 | D:2      | Reached skill level 6 in Axes
  1098 | D:2      | Reached XP level 4. HP: 33/37 MP: 3/3
  1214 | D:2      | Found a blossoming altar of Fedhas.
  1214 | D:2      | Noticed Sigmund
  1815 | D:3      | Found a faded altar to an unknown god.
  1837 | D:3      | Reached skill level 7 in Axes
  1837 | D:3      | Reached XP level 5. HP: 19/42 MP: 4/4
  2670 | D:4      | Noticed a slave
  2670 | D:4      | Noticed a slave
  2672 | D:4      | Noticed Pikel
  2702 | D:4      | Noticed Natasha
  2702 | D:4      | Noticed a phantom
  2731 | D:5      | Entered Level 5 of the Dungeon
  2983 | D:5      | Reached skill level 8 in Axes
  2983 | D:5      | Reached XP level 6. HP: 45/50 MP: 5/5
  3202 | D:5      | Reached skill level 9 in Axes
  3514 | D:5      | Reached XP level 7. HP: 51/56 MP: 6/6
  3792 | D:5      | Found a shimmering altar of Xom.
  3792 | D:5      | Found a glowing golden altar of the Shining One.
  3858 | D:6      | Reached skill level 10 in Axes
  4013 | D:6      | Upgraded the game from 0.18-a0-1390-gc02854d to 0.19-a0-36-g4a0968a
  4265 | D:6      | Found an iron altar of Okawaru.
  4661 | D:7      | Found a bloodstained altar of Trog.
  4664 | D:7      | Became a worshipper of Trog the Wrathful
  4680 | D:7      | Reached XP level 8. HP: 33/62 MP: 7/7
  4736 | D:7      | Reached skill level 5 in Dodging
  4750 | D:7      | Reached skill level 11 in Axes
  4769 | D:7      | Found a flagged portal.
  4916 | Bailey   | Entered a bailey
  5328 | Bailey   | HP: 1/62 [orc warrior/bolt (26)]
  5337 | Bailey   | Slain by an orc warrior

Vault maps used:
D:1:      dpeg_arrival_water_temple_mockup, grunt_decor_cap
D:2:      lemuel_statue_altar, uniq_sigmund, uniq_robin
D:3:      first_bread, ecumenical_altar_2
D:4:      overflow_temple_1_default, minmay_temple_entry_butterflies,
          hangedman_decor_diamond_cutter, kennysheep_generic_room_10,
          uniq_pikel, uniq_natasha
D:5:      gammafunk_temple_overflow_statue
D:6:      lemuel_crystal_altar
D:7:      lemuel_crystal_altar, basic_altar, enter_bailey_8, uniq_joseph
Bailey:   bailey_polearm_2, bailey

Skill      XL: |  1  2  3  4  5  6  7  8 |
---------------+-------------------------+-----
Axes           | 4 5 6 7 8 9 10 11 | 11.3
Dodging        | 4 5 |  5.8
Fighting       | |  2.4
Throwing       | |  2.0

Action                   |  1- 3 |  4- 6 |  7- 9 || total
-------------------------+-------+-------+-------++-------
Melee: War axe           |    57 |   100 |    15 ||   172
       War axe           |       |       |   128 ||   128
       Headbutt          |       |       |    18 ||    18
Throw: Throwing net      |     1 |     1 |     2 ||     4
Evoke: Club              |     1 |       |       ||     1
  Use: Scroll            |     1 |     3 |       ||     4
       Potion            |       |     1 |       ||     1
       Scroll            |       |       |     1 ||     1
  Eat: Chunk             |       |     4 |       ||     4
       Bread ration      |       |     1 |       ||     1
       Fruit             |       |       |     3 ||     3
       Beef jerky        |       |       |     2 ||     2
Armor: Leather armour    |       |       |    14 ||    14
Dodge: Dodged            |       |       |    70 ||    70
